 Dungeon Crawl Stone Soup version 0.31-a0-948-gf5be29c462 (webtiles) character file.

Game seed: 464823177421230925

25 BinkBink the Gusty (level 2, 0/20 HPs)
             Began as a Demigod Air Elementalist on Oct 21, 2023.
             Slain by Terence
             ... wielding a +0 mace
              (4 damage)
             ... on level 2 of the Dungeon.
             The game lasted 00:02:29 (1410 turns).

BinkBink the Gusty (Demigod Air Elementalist)       Turns: 1410, Time: 00:02:31

Health: 0/20       AC:  2    Str:  9    XL:     2   Next: 66%
Magic:  0/7        EV: 11    Int: 17    God:
Gold:   100        SH:  4    Dex: 14    Spells: 4/5 levels left

rFire   . . .        l - +0 short sword
rCold   . . .        h - +0 buckler
rNeg    . . .        a - +0 robe
rPois   .            (no helmet)
rElec   .            (no cloak)
rCorr   .            (no gloves)
SInv    .            (no boots)
Will    .....        (no amulet)
Stlth   ++           (no ring)
HPRegen 0.23/turn    (no ring)
MPRegen 0.10/turn

%: no passive effects
@: no status effects
A: high MP 1, forlorn, divine attributes
a: no special abilities


You were on level 2 of the Dungeon.
You visited 1 branch of the dungeon, and saw 2 of its levels.

You collected 100 gold pieces.

Inventory:

Hand Weapons
 l - a +0 short sword (weapon)
Armour
 a - a +0 robe (worn)
 h - a +0 buckler (worn)
Jewellery
 e - a ring of resist corrosion
 n - a ring of flight
Scrolls
 g - a scroll of acquirement {unknown}
 i - a scroll of poison {unknown}
 j - a scroll of enchant weapon {unknown}
 k - a scroll of noise {unknown}
 o - a scroll of fear {unknown}
Potions
 b - a potion of magic
 c - 2 potions of invisibility {unknown}
 d - 2 potions of might {unknown}
 f - 2 potions of ambrosia {unknown}
 m - a potion of attraction {unknown}


   Skills:
 + Level 0.1 Fighting
 + Level 0.1 Short Blades
 + Level 2.1 Dodging
 + Level 2.1 Stealth
 + Level 0.2 Shields
 + Level 2.0 Spellcasting
 + Level 1.2 Conjurations
 * Level 2.9 Air Magic


You had 4 spell levels left.
You knew the following spells:

 Your Spells              Type           Power      Damage    Failure   Level
a - Shock                 Conj/Air       32%        1d5       13%         1

Your spell library contained the following spells:

 Spells                   Type           Power      Damage    Failure   Level
 Static Discharge         Conj/Air       16%        3-4/arc   19%         2
 Swiftness                Air            11%        N/A       26%         3
 Ensorcelled Hibernation  Hex/Ice        2%         N/A       41%         2
 Jinxbite                 Hex            2%         N/A       41%         2
 Airstrike                Air            5%         2d(1-17)  65%         4
 Anguish                  Hex/Necr       0%         N/A       96%         4


Dungeon Overview and Level Annotations

Branches:
Dungeon (2/15)

Annotations:
D:2 Terence


Innate Abilities, Weirdness & Mutations

You have an increased reservoir of magic. (+10% MP)
You shall have no god before yourself.
Your divine heritage dramatically boosts your attributes as you level up.


Message History

You are very lightly contaminated with residual magic.
Nothing appears to happen.
The kobold throws a stone.
The stone closely misses you. You block the kobold's attack.
You hit the kobold.
You kill the kobold!
You hit Terence.
Terence is moderately wounded.
Terence completely misses you.
You barely miss Terence.
Terence is moderately wounded.
Terence hits you with a +0 mace.
You barely miss Terence.
Terence is moderately wounded.
Terence barely misses you.
You hit Terence but do no damage.
Terence is moderately wounded.
Terence hits you with a +0 mace.
Your magical contamination has completely faded away.
You hit Terence.
Terence is heavily wounded.
Terence hits you with a +0 mace.
You barely miss Terence.
Terence is heavily wounded.
Terence hits you with a +0 mace.
* * * LOW HITPOINT WARNING * * *
You hit Terence.
Terence is heavily wounded.
Terence hits you with a +0 mace.
* * * LOW HITPOINT WARNING * * *
Casting: Shock (safe; 13% risk of failure)
Confirm with . or Enter, or press ? or * to list all spells.
Aiming: Shock (safe; 13% risk of failure)
Press: ? - help, Shift-Dir - straight line The zap hits Terence.
Terence is heavily wounded.
The zap hits Terence.
Terence is severely wounded.
Terence hits you with a +0 mace.
You die...

#.# #.. ..# .. #.# ##### #.#
#.# .# #.#.#...####.# #.###.#
####.#.#...#....# #.%...# ..
..... #........# #.#.... ...#
#.#.###...#....####..^...
.....#.#....................#
.........####.#.###########.#
#.##......###@#.# #.#
#.#..#...#@#.## ####.#
#....###.#....# #....# #.#..#
#......# #######.# #.#.##
#..###.# .....##.## . ..
##..†..# .......... ...#.
#.##### .....###.# ... #.#
.... #.# #.# ### ###.#


You could see Terence.

Vanquished Creatures
  A bat (D:2)
  5 endoplasms
  4 goblins
  A hobgoblin (D:1)
  A kobold (D:2)
  4 quokkas
  A ball python (D:2)
  2 frilled lizards
  2 rats (D:1)
21 creatures vanquished.

Notes
Turn   | Place    | Note
-------+----------+-------------------------------------------
     0 | D:1      | BinkBink the Demigod Air Elementalist began the quest for
                  | the Orb.
     0 | D:1      | Reached XP level 1. HP: 14/14 MP: 5/5
    98 | D:1      | Reached skill level 1 in Conjurations
   298 | D:1      | Reached XP level 2. HP: 20/20 MP: 4/7
  1382 | D:2      | Noticed Terence
  1410 | D:2      | Slain by Terence

Illustrated notes

Levels and vault maps discovered:
D:1:      elethiomel_arrival_infinity_welcomes_careful_drivers,
          layout_loops_ring, corexii_hall_statues_deadend, minivault_19
D:2:      layout_basic, serial_shops, nicolae_shop_stone, st_stairs_11,
          uniq_terence

Skill      XL: |  1  2 |
---------------+-------+-----
Conjurations   | 1 |  1.2
Stealth        | 2 |  2.1
Dodging        | 2 |  2.1
Spellcasting   | 2 |  2.0
Fighting       | |  0.1
Short Blades   | |  0.1
Shields        | |  0.2
Air Magic      | |  2.9

Action                     || total
---------------------------++-------
  Melee: Unarmed           ||     8
         Short sword       ||     9
   Cast: Shock             ||    44
 Armour: Robe              ||    12
  Dodge: Dodged            ||    19
  Block: Buckler           ||     4

Table legend: (Time is in decaauts)
 A = Elapsed time spent in this place.
 B = Non-inter-level travel time spent in this place.
 C = Inter-level travel time spent in this place.
 D = Time resting spent in this place.
 E = Time spent auto-exploring this place.
 F = Levels seen in this place.
 G = Mean time per level.
                   A        B        C        D        E       F      G
               +--------+--------+--------+--------+--------+-----+--------+
         Total |   1409 |   1337 |     72 |     39 |   1153 |   2 |  704.5 |
       Dungeon |   1409 |   1337 |     72 |     39 |   1153 |   2 |  704.5 |
               +--------+--------+--------+--------+--------+-----+--------+

Top non-repeatable levels by time:
     D:1: 1059 daAuts
     D:2: 350 daAuts
